 Dungeon Crawl Stone Soup version 0.29.1-2-gbd0b4ee654 (webtiles) character file.

Game seed: 15549494241040371189

334 Avanven the Skirmisher (level 6, 0/42 HPs)
             Began as a Kobold Hunter on Nov 5, 2022.
             Slain by a hornet zombie (8 damage)
             ... on level 3 of the Dungeon.
             The game lasted 00:05:10 (3099 turns).

Avanven the Skirmisher (Kobold Hunter)              Turns: 3099, Time: 00:05:11

Health: 0/42       AC:  4    Str:  8    XL:     6   Next: 83%
Magic:  6/6        EV: 14    Int: 10    God:
Gold:   158        SH:  0    Dex: 21    Spells: 5/5 levels left

rFire   . . .      SeeInvis .   a - +0 shortbow
rCold   . . .      Faith    .   (shield currently unavailable)
rNeg    . . .      Spirit   .   c - +1 leather armour
rPois   .          Reflect  .   (no helmet)
rElec   .          Harm     .   (no cloak)
rCorr   .          Rampage  .   (no gloves)
Will    .....                   (no boots)
Stlth   +++.......              (no amulet)
HPRegen 0.14/turn               (no ring)
MPRegen 0.10/turn               (no ring)

@: no status effects
A: small, no large weapons, nightstalker 3, robust 1, screaming 1, subdued magic
1
a: no special abilities


You were on level 3 of the Dungeon.
You visited 1 branch of the dungeon, and saw 3 of its levels.

You collected 158 gold pieces.

Inventory:

Hand Weapons
 a - a +0 shortbow (weapon)
Armour
 c - a +1 leather armour (worn)
Jewellery
 b - a +4 ring of protection
Scrolls
 h - 4 scrolls of teleportation
 n - a scroll of identify
Potions
 d - a potion of curing
 l - a potion of lignification
 m - 2 potions of brilliance


   Skills:
 + Level 4.4 Fighting
 * Level 8.8 Ranged Weapons
 - Level 2.4 Dodging
 - Level 1.3 Stealth


You had 5 spell levels left.
You didn't know any spells.
Your spell library contained the following spells:

 Spells                   Type           Power      Damage    Failure   Level
 Summon Small Mammal      Summ           0%         N/A       45%         1
 Call Canine Familiar     Summ           0%         N/A       83%         3
 Summon Guardian Golem    Hex/Summ       0%         N/A       83%         3


Dungeon Overview and Level Annotations

Branches:
Dungeon (3/15)

Altars:
Fedhas
Nemelex Xobeh

Shops:
D:1 *


Innate Abilities, Weirdness & Mutations

You are small and have problems with some larger weapons.
You are completely attuned to the shadows.
You are robust. (+10% HP)
You occasionally shout uncontrollably at your foes.
Your spells are a little easier to cast, but a little less powerful.


Message History

The hornet zombie hits you!
You are too injured to fight recklessly!
You are too injured to fight recklessly!
You are too injured to fight recklessly!
You are too injured to fight recklessly!
You are too injured to fight recklessly!
You are too injured to fight recklessly!
The hornet zombie attacks as you move away!
The hornet zombie closely misses you.
The hornet zombie hits you but does no damage.
The hornet zombie misses you.
You are too injured to fight recklessly!
You are too injured to fight recklessly!
Fire: a) +0 shortbow
Press: ? - help, Q - select action Shift-Dir - straight line, f/p - hornet zombie
Aim: a hornet zombie (severely damaged, 71% to hit)
You shoot an arrow.
The arrow barely misses the hornet zombie.
The hornet zombie closely misses you. The hornet zombie misses you.
Fire: a) +0 shortbow
Press: ? - help, Q - select action Shift-Dir - straight line, f/p - hornet zombie
Aim: a hornet zombie (severely damaged, 71% to hit)
You shoot an arrow.
The arrow closely misses the hornet zombie.
The hornet zombie hits you but does no damage.
Fire: a) +0 shortbow
Press: ? - help, Q - select action Shift-Dir - straight line, f/p - hornet zombie
Aim: a hornet zombie (severely damaged, 71% to hit)
You shoot an arrow. The arrow hits the hornet zombie.
The hornet zombie is severely damaged.
The hornet zombie hits you!
* * * LOW HITPOINT WARNING * * *
The hornet zombie misses you.
Fire: a) +0 shortbow
Press: ? - help, Q - select action Shift-Dir - straight line, f/p - hornet zombie
Aim: a hornet zombie (severely damaged, 71% to hit)
You shoot an arrow. The arrow hits the hornet zombie!
The hornet zombie is almost destroyed.
The hornet zombie hits you!
You die...

#PP..P....#
#...# ###
#.PP......#
#...#
#.........#
#[..#....?..
#.........#
##.###..!..##
#.........#
#.##..?..[.#
#........##
#.####'''###
#........#
#..##.....#
#........#
##..#.....#
#........#
##@Z...###
#........#
#######
##########


You could see a hornet zombie.

Vanquished Creatures
  The ghost of itabs500 the Shield-Bearer, an amateur FoFi (D:3)
  A water moccasin skeleton (D:3)
  Jessica (D:3)
  An orc wizard (D:3)
  A killer bee zombie (D:3)
  5 gnolls
  An adder (D:2)
  2 worms (D:2)
  2 dart slugs
  4 orcs (D:3)
  6 ball pythons
  5 endoplasms (D:1)
  7 hobgoblins
  2 quokkas
  4 bats
  3 frilled lizards
  5 goblins
  5 kobolds
  11 rats
67 creatures vanquished.

Notes
Turn   | Place    | Note
-------+----------+-------------------------------------------
     0 | D:1      | Avanven the Kobold Hunter began the quest for the Orb.
     0 | D:1      | Reached XP level 1. HP: 12/12 MP: 1/1
    40 | D:1      | Reached XP level 2. HP: 18/18 MP: 2/2
   113 | D:1      | Found Dutysmol's Assorted Antiques.
   155 | D:1      | Reached skill level 6 in Ranged Weapons
   155 | D:1      | Reached XP level 3. HP: 21/22 MP: 3/3
   773 | D:1      | Found a faded altar of an unknown god.
   997 | D:2      | Reached XP level 4. HP: 28/28 MP: 4/4
  1868 | D:3      | Found a sparkling altar of Nemelex Xobeh.
  1943 | D:3      | Reached skill level 7 in Ranged Weapons
  1983 | D:3      | Noticed Jessica
  1989 | D:3      | Killed Jessica
  1990 | D:3      | Reached XP level 5. HP: 21/32 MP: 5/5
  2417 | D:3      | Gained mutation: You are weak. (Str -2) [potion of
                  | mutation]
  2417 | D:3      | Gained mutation: You have hidden genetic defects. [potion
                  | of mutation]
  2417 | D:3      | Lost mutation: You are weak. (Str -2) [potion of mutation]
  2417 | D:3      | Gained mutation: You are robust. (+10% HP) [potion of
                  | mutation]
  2550 | D:3      | Found a blossoming altar of Fedhas.
  2609 | D:3      | Found a runed translucent gate.
  2610 | D:3      | Found a runed translucent gate.
  2610 | D:3      | Found a runed translucent gate.
  2838 | D:3      | Reached skill level 8 in Ranged Weapons
  2838 | D:3      | Reached XP level 6. HP: 21/41 MP: 6/6
  2859 | D:3      | Gained mutation: Your spells are a little easier to cast,
                  | but a little less powerful. [hidden defects]
  2872 | D:3      | Noticed itabs500's ghost (amateur FoFi)
  2886 | D:3      | Killed itabs500's ghost
  2894 | D:3      | Gained mutation: You occasionally shout uncontrollably at
                  | your foes. [hidden defects]
  2894 | D:3      | Lost mutation: You have hidden genetic defects. [hidden
                  | defects expressed]
  3099 | D:3      | Slain by a hornet zombie

Illustrated notes

Levels and vault maps discovered:
D:1:      onia_arrival_handbag, layout_basic,
          hellmonk_ecumenical_altar_lost_god, serial_shops,
          nicolae_diamond_shop, minmay_distorted
D:2:      layout_loops_ring, serial_bayou_lagoon_b
D:3:      layout_basic, fedhas_altar_3, mainiacjoe_overflow_surrounded_room,
          gammafunk_ghost_necromancy, uniq_jessica

Skill      XL: |  1  2  3  4  5 |
---------------+----------------+-----
Ranged Weapons | 6 7 8 |  8.8
Fighting       | 3 4 |  4.4
Dodging        | |  2.4
Stealth        | |  1.3

Action                   |  1- 3 |  4- 6 || total
-------------------------+-------+-------++-------
Melee: Unarmed           |       |    11 ||    11
 Fire: Shortbow          |    81 |    97 ||   178
  Use: Scroll            |     1 |     5 ||     6
       Potion            |       |     9 ||     9
Armor: Leather armour    |     3 |     9 ||    12
       Skin              |       |     3 ||     3
Dodge: Dodged            |    21 |    40 ||    61
